 Dungeon Crawl Stone Soup version 0.17-a0-764-gd40c196 (webtiles) character file.

10590 ventricule the Grappler (level 11, -5/119 HPs)
             Began as a Troll Monk on Apr 23, 2015.
             Slain by a blue devil (12 damage)
             ... in an ice cave.
             The game lasted 00:22:35 (9087 turns).

ventricule the Grappler (Troll Monk)                Turns: 9087, Time: 00:22:35

Health: -5/119     AC: 11    Str: 21    XL:     11   Next: 38%
Magic:  19/19      EV: 13    Int: 12    God:
Gold:   516        SH:  0    Dex: 13    Spells: 0 memorised, 10 levels left

rFire  . . .     SeeInvis .       - Unarmed
rCold  . . .     Rnd*Rage +     r - +5 robe of the Vaults {MP+9 Int+4}
rNeg   . . .     SustAb   +     (no shield)
rPois  .         Gourm    +     (helmet restricted)
rElec  .         Spirit   .     g - +1 cloak
rCorr  .         Warding  .     (gloves unavailable)
rMut   .         Stasis   .     (boots unavailable)
MR     .....                    (no amulet)
Stlth  +.........               w - ring of sustain abilities
                                A - ring of flight

@: not resistant to hostile enchantments, very unstealthy
A: unfitting armour, claws 3, horns 1, berserk 1, blurry vision 1, deformed
body, fast metabolism 3, gourmand, regeneration 2, robust 1, shaggy fur 1, tough
skin 2, wild magic 1, no device heal 1
a: Evoke Flight


You were in an ice cave.
You were very full.

You visited 2 branches of the dungeon, and saw 12 of its levels.
You also visited: Ice Cave.

You collected 516 gold pieces.


Innate Abilities, Weirdness & Mutations

You are too large for most types of armour.
You have claws for hands.
Your metabolism is lightning-fast.
You like to eat raw meat.
You heal very quickly.
You are covered in fur (AC +1).
You have very tough skin (AC +2).
You have a pair of small horns on your head.
You tend to lose your temper in combat.
Scrolls take you a little longer to read.
Armour fits poorly on your strangely shaped body.
You are robust (+10% HP).
Your spells are a little harder to cast, but a little more powerful.
Potions and wands are less effective at restoring your health.


   Skills:
 + Level 7.5 Fighting
 + Level 7.6 Dodging
 - Level 1.1 Stealth
 - Level 13.6 Unarmed Combat


You had 10 spell levels left.
You didn't know any spells.

Inventory:

Hand weapons
 k - the +6 flail of Exquisite Death {antimagic, Contam rC+ Dex+2}
   (You found it on level 4 of the Dungeon)

   It disrupts the flow of magical energy around spellcasters and certain
   magical creatures (including the wielder).
   It affects your dexterity (+2).
   It protects you from cold.
   It causes magical contamination when unequipped.
 t - the +1 whip of Discomfort {vamp, rN+}
   (You found it on level 8 of the Dungeon)

   It inflicts no extra harm, but heals its wielder somewhat when it strikes a
   living foe.
   It protects you from negative energy.
 z - a +0 giant spiked club
Armour
 a - a +0 robe
 g - a +1 cloak (worn)
 m - a +1 robe of magic resistance
 r - the +5 robe of the Vaults (worn) {MP+9 Int+4}
   (You found it on level 7 of the Dungeon)

   It affects your intelligence (+4).
   It affects your magic capacity (+9).
Jewellery
 i - a ring of wizardry
 w - a ring of sustain abilities (right claw)
 x - a ring of loudness
 A - a ring of flight (left claw)
Magical devices
 p - a wand of draining (7)
 s - a wand of magic darts (0)
 u - a wand of lightning (3)
Scrolls
 j - 2 scrolls of amnesia
 l - 2 scrolls of teleportation {@r4}
 n - a scroll of blinking
 o - a scroll of immolation {!r}
 B - a scroll of recharging
Potions
 d - a potion of flight
 e - a potion of curing {@q1}
 h - 2 potions of restore abilities
 q - a potion of berserk rage {!q}
 v - a potion of lignification {!q}
Miscellaneous
 y - a disc of storms
Comestibles
 b - 13 bread rations
 f - 5 meat rations

Dungeon Overview and Level Annotations

Branches:
Dungeon (11/15)            Temple (0/1) D:4            Lair (1/8) D:11
    Orc (0/4) D:10

Altars:
Elyvilon
Fedhas
Kikubaaqudgha
Makhleb
Nemelex Xobeh
Okawaru
Qazlal
Ru
Sif Muna
Trog
Vehumet
The Shining One

Shops:
D:7 }[

Portals:
Volcano: Lair:1

Annotations:
Lair:1 exclusion: oklob plant

## #... ..... ####
......
##..########.......
##....##..##........
#...................
#..∩∩..3..........⌠..
#.....4T##...4.3.....
##....######.........
##..## ##....... ####
....... .......
#..... ##.. #


You could see an ice devil and a blue devil.


Message History

The ice devil is lightly wounded.
The blue devil misses you.
You closely miss the ice devil. Your headbutt misses the ice devil.
The ice devil is lightly wounded.
The ice devil barely misses you. The blue devil closely misses you.
You barely miss the ice devil.
The ice devil is lightly wounded.
The ice devil misses you.
You scratch the ice devil.
The ice devil is moderately wounded.
The blue devil closely misses you. The ice devil hits you.
The ice devil freezes you!!
You mangle the ice devil!!
The ice devil is severely wounded.
The blue devil closely misses you.
You claw the ice devil!
The ice devil is almost dead.
The ice devil hits you!
* * * LOW HITPOINT WARNING * * *
The ice devil freezes you!!
* * * LOW HITPOINT WARNING * * *
The blue devil hits you.
* * * LOW HITPOINT WARNING * * *
Drink which item? (? for menu, Esc to quit)
You feel much better. The ice devil hits you!
* * * LOW HITPOINT WARNING * * *
The ice devil freezes you!!
* * * LOW HITPOINT WARNING * * *
The blue devil hits you!
You die...

Action                   |  1- 3 |  4- 6 |  7- 9 | 10-12 || total
-------------------------+-------+-------+-------+-------++-------
Melee: Unarmed           |   108 |   153 |   308 |   263 ||   832
Evoke: Wand              |       |       |       |     7 ||     7
  Use: Scroll            |       |     5 |     9 |     3 ||    17
       Potion            |       |       |     4 |     1 ||     5
  Eat: Chunk             |    14 |    22 |    37 |    28 ||   101

Vault maps used:
D:1:      dpeg_arrival_water_fire, tso_altar
D:2:      nemelex_deck, first_bread
D:3:      overflow_temple_1_default, gammafunk_temple_overflow_pools,
          lemuel_coloured_pillars_altar, lexackson_kobold_supper
D:4:      minmay_temple_entry_junction
D:5:      uniq_duvessa, uniq_eustachio
D:6:      lemuel_blue_sif_altar, grunt_qazlal_sundering, uniq_menkaure
D:7:      lemuel_doored_altar, serial_shops, shop, the_bakery,
          nicolae_for_you_no_charge, uniq_pikel
D:8:      grunt_temple_overflow_growth_and_decay, kennysheep_mini_moat
D:10:     orc_0_dummy, uniq_maurice
D:11:     grunt_lair_entry_elf_guard_hut
Lair:1:   nicolae_volcano_entry_two_sided, portal_ice_cave_entry_imps,
          lemuel_oklob_altar, lemuel_fruit_tree
IceCv:    ice_cave_tombish

Notes
Turn   | Place    | Note
--------------------------------------------------------------
     0 | D:1      | ventricule, the Troll Monk, began the quest for the Orb.
     0 | D:1      | Reached XP level 1. HP: 22/22 MP: 0/0
   105 | D:1      | Found a glowing golden altar of the Shining One.
   270 | D:1      | Reached XP level 2. HP: 26/29 MP: 1/1
  1092 | D:2      | Found a sparkling altar of Nemelex Xobeh.
  1172 | D:2      | Reached skill level 5 in Unarmed Combat
  1173 | D:2      | Reached XP level 3. HP: 32/36 MP: 2/2
  1600 | D:3      | Reached XP level 4. HP: 44/44 MP: 3/3
  1718 | D:3      | Reached skill level 6 in Unarmed Combat
  1883 | D:3      | Found a radiant altar of Vehumet.
  1946 | D:3      | Found a burning altar of Makhleb.
  1998 | D:3      | Found a white marble altar of Elyvilon.
  1999 | D:3      | Found a bloodstained altar of Trog.
  2094 | D:3      | Reached XP level 5. HP: 40/50 MP: 4/4
  2569 | D:4      | Found a staircase to the Ecumenical Temple.
  2629 | D:4      | Noticed an ogre
  2635 | D:4      | Killed an ogre
  2635 | D:4      | Reached skill level 7 in Unarmed Combat
  2644 | D:4      | Reached XP level 6. HP: 53/59 MP: 5/5
  2697 | D:4      | Got an encrusted flail
  2698 | D:4      | Identified the +6 flail of Exquisite Death {antimagic, Contam rC+ Dex+2} (You found it on level 4 of the Dungeon)
  2814 | D:4      | Reached skill level 8 in Unarmed Combat
  3297 | D:5      | Entered Level 5 of the Dungeon
  3331 | D:5      | Reached XP level 7. HP: 27/66 MP: 6/6
  3395 | D:5      | Gained mutation: Scrolls take you a little longer to read. [mutagenic meat]
  3396 | D:5      | Gained mutation: You have a pair of small horns on your head. [mutagenic meat]
  3397 | D:5      | Gained mutation: Your spells are a little harder to cast, but a little more powerful. [mutagenic meat]
  3398 | D:5      | Gained mutation: Armour fits poorly on your strangely shaped body. [mutagenic meat]
  3399 | D:5      | Gained mutation: You are robust (+10% HP). [mutagenic meat]
  3568 | D:5      | Noticed Dowan
  3569 | D:5      | Noticed Duvessa
  3582 | D:5      | Killed Duvessa
  3582 | D:5      | Reached skill level 9 in Unarmed Combat
  3593 | D:5      | Killed Dowan
  3828 | D:5      | Noticed Eustachio
  3834 | D:5      | Killed Eustachio
  3834 | D:5      | Reached skill level 10 in Unarmed Combat
  3834 | D:5      | Reached XP level 8. HP: 76/81 MP: 7/7
  4106 | D:6      | Noticed Menkaure
  4166 | D:6      | Killed Menkaure
  4300 | D:6      | Found a stormy altar of Qazlal.
  4434 | D:6      | Reached skill level 11 in Unarmed Combat
  4763 | D:6      | Found a deep blue altar of Sif Muna.
  4988 | D:7      | Found a sacrificial altar of Ru.
  4995 | D:7      | Got a sheer robe
  5006 | D:7      | Identified the +5 robe of the Vaults {MP+9 Int+4} (You found it on level 7 of the Dungeon)
  5040 | D:7      | Found Ucaoq's Armour Emporium.
  5096 | D:7      | Noticed Pikel
  5140 | D:7      | Killed Pikel
  5140 | D:7      | Reached skill level 12 in Unarmed Combat
  5140 | D:7      | Reached XP level 9. HP: 88/88 MP: 8/8
  5210 | D:7      | Found Nuniluoq's Quality Used Wands.
  5444 | D:7      | Reached skill level 13 in Unarmed Combat
  5693 | D:8      | Found an ancient bone altar of Kikubaaqudgha.
  5696 | D:8      | Found a blossoming altar of Fedhas.
  5834 | D:8      | Found an iron altar of Okawaru.
  5923 | D:8      | Noticed Viceroy's ghost (experienced MiFi)
  5937 | D:8      | Killed Viceroy's ghost
  5937 | D:8      | Reached skill level 3 in Fighting
  5937 | D:8      | Reached skill level 3 in Dodging
  5968 | D:8      | Got an ichor-stained whip
  5969 | D:8      | Identified the cursed +1 whip of Discomfort {vamp, rN+} (You found it on level 8 of the Dungeon)
  6465 | D:9      | Reached XP level 10. HP: 92/100 MP: 9/9
  6734 | D:10     | Entered Level 10 of the Dungeon
  6775 | D:10     | Found a staircase to the Orcish Mines.
  6788 | D:10     | Noticed a hill giant
  6800 | D:10     | Killed a hill giant
  6800 | D:10     | Reached skill level 4 in Dodging
  6968 | D:10     | Reached skill level 4 in Fighting
  7382 | D:10     | Noticed Maurice
  7393 | D:10     | Killed Maurice
  7393 | D:10     | Reached skill level 5 in Fighting
  7393 | D:10     | Reached skill level 5 in Dodging
  7835 | D:11     | Noticed an eight-headed hydra
  8010 | D:11     | Reached skill level 6 in Dodging
  8014 | D:11     | Reached skill level 6 in Fighting
  8079 | D:11     | Reached XP level 11. HP: 67/117 MP: 10/10
  8235 | D:11     | Noticed a hill giant
  8244 | D:11     | Killed a hill giant
  8540 | D:11     | Noticed a red ugly thing
  8545 | D:11     | Killed a red ugly thing
  8545 | D:11     | Reached skill level 7 in Fighting
  8545 | D:11     | Reached skill level 7 in Dodging
  8572 | D:11     | Gained mutation: You tend to lose your temper in combat. [mutagenic meat]
  8573 | D:11     | Gained mutation: Potions and wands are less effective at restoring your health. [mutagenic meat]
  8823 | D:11     | Found a staircase to the Lair.
  8832 | Lair:1   | Entered Level 1 of the Lair of Beasts
  8957 | Lair:1   | Found a dark tunnel.
  9005 | Lair:1   | Found a frozen archway.
  9057 | IceCv    | Entered an ice cave
  9066 | IceCv    | Noticed an ice devil
  9087 | IceCv    | HP: 7/119 [ice devil (20)]
  9087 | IceCv    | Slain by a blue devil

Vanquished Creatures
  Pikel (D:7)
  An ugly thing (D:11)
  2 hill giants
  Maurice (D:10)
  The ghost of Viceroy the Shield-Bearer, an experienced MiFi of the Shining One (D:8)
  A spiny frog (Lair:1)
  A gargoyle (D:11)
  A troll (D:10)
  A blue devil (IceCv)
  A two-headed ogre (D:10)
  11 yaks
  A deep elf fighter (D:11)
  A hippogriff (Lair:1)
  A deep elf mage (D:10)
  Eustachio (D:5)
  Menkaure (D:6)
  A water moccasin (Lair:1)
  Duvessa (D:5)
  2 ice beasts
  3 orc warriors
  3 sky beasts
  A slave (D:7)
  3 ogres
  A crocodile (Lair:1)
  6 giant frogs
  4 centaurs
  Dowan (D:5)
  2 gnoll sergeants
  2 scorpions
  A wyvern skeleton (D:11)
  14 killer bees
  A jelly (D:11)
  2 centaur zombies
  5 crimson imps
  6 orc priests
  A centaur skeleton (D:6)
  A quasit (D:9)
  8 worker ants
  2 giant frog skeletons
  4 hounds
  An iguana (Lair:1)
  4 orc wizards
  A hound zombie (D:5)
  2 hound skeletons (D:8)
  4 river rats (D:11)
  7 gnolls
  7 adders
  A shadow imp (D:6)
  12 white imps (Lair:1)
  An adder zombie (D:10)
  3 worms
  4 giant geckos
  42 orcs
  22 bats
  A bat zombie (D:5)
  12 hobgoblins
  9 jackals
  7 quokkas
  5 giant cockroaches
  A giant gecko zombie (D:9)
  3 giant newts
  14 goblins
  18 kobolds
  A quokka skeleton (D:4)
  A quokka zombie (D:10)
  23 rats
308 creatures vanquished.

Vanquished Creatures (others)
  A spriggan (D:7)
  A slave (D:7)
  3 orcs (D:7)
  4 fungi (D:11)
  A plant (D:11)
10 creatures vanquished.

Grand Total: 318 creatures vanquished
